 Dungeon Crawl Stone Soup version 0.29-a0-617-g7a6b98fccd (webtiles) character file.

Game seed: 11739700450576409401

173 enile the Sneak (level 5, 0/32 HPs)
             Began as a Kobold Brigand on June 18, 2022.
             Slain by a scorpion (4 damage)
             ... on level 4 of the Dungeon.
             The game lasted 00:03:07 (2756 turns).

enile the Sneak (Kobold Brigand)                    Turns: 2756, Time: 00:03:08

Health: 0/32       AC:  7    Str: 14    XL:     5   Next: 83%
Magic:  5/5        EV: 13    Int: 13    God:
Gold:   7          SH:  0    Dex: 18    Spells: 4/4 levels left

rFire   + . .      SeeInvis .   f - +1 whip (elec)
rCold   + . .      Faith    .   (no shield)
rNeg    . . .      Spirit   .   n - +0 scale mail
rPois   +          Reflect  .   (no helmet)
rElec   +          Harm     .   c - +0 cloak
rCorr   +          Rampage  .   (no gloves)
Will    .....                   (no boots)
Stlth   +++.......              (no amulet)
HPRegen 0.10/turn               k - +6 ring of strength
MPRegen 0.09/turn               (no ring)

@: lethally poisoned (0 -> -3), resistant
A: small, no large weapons, nightstalker 3
a: no special abilities


You were on level 4 of the Dungeon.
You visited 1 branch of the dungeon, and saw 4 of its levels.

You collected 156 gold pieces.
You spent 149 gold pieces at shops.

Inventory:

Hand Weapons
 a - a +2 dagger
 f - a +1 whip of electrocution (weapon)
 w - a +1 flail of holy wrath
 x - a +0 short sword
Missiles
 d - 25 poisoned darts (quivered)
 e - 2 curare-tipped darts
 m - 4 atropa-tipped darts
Armour
 b - a +0 robe
 c - a +0 cloak (worn)
 n - a +0 scale mail (worn)
Jewellery
 k - a +6 ring of strength (left hand)
Scrolls
 g - 2 scrolls of blinking
 j - 2 scrolls of teleportation
 l - a scroll of poison
 q - a scroll of fear
 r - 2 scrolls of summoning
 s - a scroll of vulnerability
 t - a scroll of noise
 u - a scroll of enchant weapon {unknown}
 y - a scroll of fog {unknown}
Potions
 h - a potion of lignification {unknown}
 i - 2 potions of resistance
 o - 2 potions of degeneration {unknown}
 p - a potion of flight {unknown}
 v - a potion of magic {unknown}


   Skills:
 + Level 3.5 Fighting
 - Level 5.0 Short Blades
 - Level 2.1 Throwing
 - Level 4.0 Dodging
 - Level 5.3 Stealth


You had 4 spell levels left.
You didn't know any spells.
Your spell library contained the following spells:

 Spells                   Type           Power      Damage    Failure   Level
 Shock                    Conj/Air       0%         1d3       80%         1
 Swiftness                Air            0%         N/A       99%         3
 Airstrike                Air            0%         N/A       100%        4


Dungeon Overview and Level Annotations

Branches:
Dungeon (4/15)
 Temple: D:4-7

Altars:
Qazlal
Sif Muna

Shops:
D:3 ?


Innate Abilities, Weirdness & Mutations

You are small and have problems with some larger weapons.
You are completely attuned to the shadows.


Message History

No target in view!
No target in view!
No target in view!
No target in view!
No target in view!
No target in view!
Why would you want to do that?
A scorpion comes into view.
The helpless scorpion fails to defend itself.
You hit the scorpion.
The scorpion is moderately wounded.
The scorpion stings you.
You hit the scorpion.
The scorpion is moderately wounded.
The scorpion stings you.
You hit the scorpion but do no damage.
The scorpion is moderately wounded.
The scorpion completely misses you. The scorpion stings you.
You hit the scorpion but do no damage.
The scorpion is moderately wounded.
The scorpion stings you.
You are poisoned.
The scorpion poisons you!
You hit the scorpion.
The scorpion is heavily wounded.
You feel sick. The scorpion closely misses you.
You barely miss the scorpion.
The scorpion is heavily wounded.
You feel sick.
The scorpion stings you but does no damage.
The scorpion stings you.
You completely miss the scorpion.
The scorpion is heavily wounded.
You feel sick. The scorpion stings you.
* * * LOW HITPOINT WARNING * * *
It was a potion of resistance.
You feel protected.
* * * LOW HITPOINT WARNING * * *
You feel sick. The scorpion stings you.
You die...

#.# .....(.....###
♣♣#####.# .............#
♣P...##.### .#...###...#
PP........# ...[..##...#
PP........#..≈≈≈≈≈.##...#
♣........#..≈≈≈§≈.##...#
♣###.....#....☼≈≈......#
#.....#s§≈§☼≈≈..#####
#######.....##@≈≈≈≈≈.##
#.<...#.....##.......#
#...........#####.......
#.#.#.#.....# ########
#.#...........
#.#.###.######
#.....##### ######.....
#.†...


You could see a scorpion.

Vanquished Creatures
  A scorpion (D:4)
  An orc priest (D:3)
  2 adders
  4 dart slugs
  2 orcs (D:3)
  2 ball pythons
  2 bats (D:2)
  8 endoplasms
  2 giant cockroaches
  6 hobgoblins
  3 quokkas
  3 frilled lizards
  7 goblins
  7 kobolds
  6 rats
56 creatures vanquished.

Notes
Turn   | Place    | Note
-------+----------+-------------------------------------------
     0 | D:1      | enile the Kobold Brigand began the quest for the Orb.
     0 | D:1      | Reached XP level 1. HP: 12/12 MP: 1/1
    61 | D:1      | Reached XP level 2. HP: 18/18 MP: 2/2
   522 | D:1      | Reached XP level 3. HP: 11/23 MP: 3/3
  1655 | D:2      | Reached XP level 4. HP: 27/28 MP: 4/4
  1981 | D:3      | Found a stormy altar of Qazlal.
  2235 | D:3      | Found Qunyeja's Magic Scroll Shoppe.
  2241 | D:3      | Bought a scroll of blinking for 97 gold pieces
  2241 | D:3      | Bought a scroll of identify for 26 gold pieces
  2241 | D:3      | Bought a scroll of identify for 26 gold pieces
  2269 | D:3      | Reached XP level 5. HP: 32/32 MP: 5/5
  2480 | D:4      | Reached skill level 5 in Short Blades
  2727 | D:4      | Found a shimmering blue altar of Sif Muna.
  2756 | D:4      | Slain by a scorpion

Illustrated notes

Levels and vault maps discovered:
D:1:      mrwooster_arrival_statue_3, layout_rooms, minmay_tromino_i2
D:2:      kb_forest_paths, layout_loops_ring
D:3:      layout_rooms, mainiacjoe_overflow_catwalk, serial_shops, shop
D:4:      layout_basic, nicolae_sif_muna_condensation, uniq_edmund,
          uniq_crazy_yiuf_cottage

Skill      XL: |  1  2  3  4  5 |
---------------+----------------+-----
Fighting       | 3 |  3.5
Dodging        | 2 3 4 |  4.0
Short Blades   | 3 5 |  5.0
Throwing       | |  2.1
Stealth        | |  5.3

Action                   |  1- 3 |  4- 6 || total
-------------------------+-------+-------++-------
Melee: Whip              |    81 |    46 ||   127
       Dagger            |     3 |       ||     3
Throw: Dart              |     1 |     4 ||     5
  Use: Scroll            |     2 |     4 ||     6
       Potion            |       |     1 ||     1
 Stab: Sleeping          |    24 |     8 ||    32
Armor: Scale mail        |    17 |    13 ||    30
       Robe              |     2 |       ||     2
Dodge: Dodged            |    46 |    11 ||    57

Table legend: (Time is in decaauts)
 A = Elapsed time spent in this place.
 B = Non-inter-level travel time spent in this place.
 C = Inter-level travel time spent in this place.
 D = Time resting spent in this place.
 E = Time spent auto-exploring this place.
 F = Levels seen in this place.
 G = Mean time per level.
                   A        B        C        D        E       F      G
               +--------+--------+--------+--------+--------+-----+--------+
         Total |   2766 |   2706 |     60 |    264 |   2019 |   4 |  691.5 |
       Dungeon |   2766 |   2706 |     60 |    264 |   2019 |   4 |  691.5 |
               +--------+--------+--------+--------+--------+-----+--------+

Top non-repeatable levels by time:
     D:1: 1003 daAuts
     D:2: 752 daAuts
     D:3: 676 daAuts
     D:4: 332 daAuts
